 Dungeon Crawl Stone Soup version 0.18-a0-750-g37044d6 (webtiles) character file.

65 gorblad the Ducker (level 3, -4/17 HPs)
             Began as a Felid Monk on Dec 11, 2015.
             Killed by divine providence
             ... invoked by an orc priest
              (14 damage)
             ... on level 3 of the Dungeon.
             The game lasted 00:06:11 (1659 turns).

gorblad the Ducker (Felid Monk)                     Turns: 1659, Time: 00:06:12

Health: -4/17      AC:  1    Str:  7    XL:     3   Next: 94%
Magic:  4/4        EV: 21    Int: 11    God:
Gold:   11         SH:  0    Dex: 22    Spells: 0 memorised, 2 levels left
                                        Lives:  0   Deaths: 0

rFire  . . .     SeeInvis +       - Unarmed
rCold  . . .     Clarity  .     (armour unavailable)
rNeg   . . .     SustAt   .     (shield unavailable)
rPois  .         Gourm    .     (helmet unavailable)
rElec  .         Spirit   .     (cloak unavailable)
rCorr  .         Dismiss  .     (gloves unavailable)
rMut   .         Stasis   .     (boots unavailable)
MR     .....                    e - amulet of regeneration
Stlth  ++++......               (no ring)
                                d - +3 ring of dexterity

@: quick, not resistant to hostile enchantments, stealthy
A: no armour, no weapons or thrown items, claws 1, fangs 3, see invisible,
carnivore 3, speed 1, shaggy fur 1, slow metabolism 1, sharp paws
a: no special abilities


You were on level 3 of the Dungeon.
You were very full.

You visited 1 branch of the dungeon, and saw 3 of its levels.

You collected 11 gold pieces.

Inventory:

Jewellery
 d - a +3 ring of dexterity (left paw)
 e - an amulet of regeneration (around neck)
Potions
 b - 2 potions of might
 h - a potion of haste {unknown}
 m - a potion of curing {unknown}
Books
 k - a book of Cantrips

   Spells                             Type                      Level
   a - Corona                         Hexes                        1
   b - Animate Skeleton               Necromancy                   1
   c - Summon Small Mammal            Summoning                    1
   d - Apportation                    Translocation                1
Comestibles
 a - 3 meat rations
 f - 6 chunks of flesh
 o - a slice of pizza


   Skills:
 + Level 3.4 Fighting
 * Level 4.7 Dodging
 * Level 3.8 Stealth
 + Level 4.5 Unarmed Combat


You had 2 spell levels left.
You didn't know any spells.

Dungeon Overview and Level Annotations

Branches:
Dungeon (3/15)

Altars:


Innate Abilities, Weirdness & Mutations

You cannot wear armour.
You are incapable of wielding weapons or throwing items.
You have sharp claws.
You have razor-sharp teeth.
You have supernaturally acute eyesight.
You are carnivorous and can eat meat at any time.
You cover ground quickly.
You are covered in fur (AC +1).
You have a slow metabolism.
Your sharp claws are effective at attacking unaware monsters.


Message History

A jackal and an orc priest come into view.
The orc priest shouts!
The jackal barks!
You scratch the orc.
The orc is heavily wounded.
The orc barely misses you. The orc hits you with a hand axe.
You scratch the orc.
You kill the orc!
The orc closely misses you.
A jackal and an orc come into view.
You closely miss the orc.
The jackal moves out of view.
The orc completely misses you.
A jackal comes into view.
You barely miss the orc.
The jackal moves out of view.
The orc shouts!
The jackal barks!
The jackal barks!
You scratch the orc.
The orc is severely wounded.
The orc priest mumbles some strange prayers to Beogh against you.
Something smites you!
Ouch! That really hurt!
You die...

#.## ###..# ###
..... ..#
#..###.# ###
#......#
....######...##.#
#.......#.(....#
#....)..#.#..#<#
+....o@.'.#..###
#.....o.####>..
#.......# #.###
oh.ooh...# #.#
.h.......# #.#
.........# #.#
.........#
......####


You could see an orc priest, 4 orcs and 3 jackals.

Vanquished Creatures
  2 adders (D:2)
  2 worms (D:2)
  3 giant geckos (D:1)
  2 orcs (D:3)
  2 ball pythons
  3 goblins (D:1)
  5 hobgoblins (D:2)
  3 bats
  2 giant cockroaches
  5 giant newts
  6 kobolds (D:1)
  4 rats
39 creatures vanquished.

Notes
Turn   | Place    | Note
--------------------------------------------------------------
     0 | D:1      | gorblad the Felid Monk began the quest for the Orb.
     0 | D:1      | Reached XP level 1. HP: 10/10 MP: 2/2
   251 | D:1      | Reached XP level 2. HP: 14/14 MP: 3/3
   998 | D:2      | Reached XP level 3. HP: 17/17 MP: 4/4
  1659 | D:3      | Killed from afar by an orc priest

Vault maps used:
D:1:      minmay_arrival_stair_chambers, minmay_crystal_room,
          minmay_misc_feat_secret_circle
D:3:      first_bread, led_sif_pool, uniq_robin

Action                   || total
-------------------------++-------
Melee: Unarmed           ||    79
  Use: Scroll            ||    10
 Stab: Sleeping          ||    13
       Distracted        ||     1
  Eat: Chunk             ||     8
